Map: Acropolis LE

Players

RiSky - Winner!

  • Race: Zerg Zerg
  • Spawn Location: 11:00

IndyKNerazim

  • Race: Protoss Protoss
  • Spawn Location: 5:00

Event: 2019 WCS Summer

VOD

Have the link to the VOD?

Description

Time

  • Played on: July 12, 2019, 11:11 a.m.
  • Length: 11:33

All games in this series

Show
View Real Time Build Order
Export as new Build Order

RiSky Zerg - Winner!

Build Orders: Hatch First, Swarm Host 

Get SALT Encoding   

  12  0:00  Drone  
  13  0:12  Overlord  
  13  0:17  Drone  
  14  0:31  Drone x2  
  16  0:47  Hatchery  
  15  0:51  Drone  
  15  0:55  Drone  
  17  0:58  Drone  
  18  1:09  Extractor  
  17  1:13  Spawning Pool  
  17  1:15  Drone  
  17  1:19  Drone  
  18  1:28  Drone  
  19  1:39  Drone  
  20  1:50  Overlord  
  20  2:02  Queen x2  
  20  2:03  Zergling x4  
  26  2:11  Metabolic Boost  
  26  2:12  Drone x2  
  28  2:22  Drone  
  29  2:23  Drone  
  30  2:34  Hatchery  
  30  2:36  Drone  
  30  2:40  Drone  
  31  2:44  Queen  
  31  2:49  Overlord  
  33  2:52  Drone  
  33  2:54  Drone  
  33  2:58  Drone  
  36  3:12  Drone x2  
  38  3:13  Drone  
  38  3:14  Drone  
  38  3:15  Drone  
  38  3:16  Zergling x6  
  43  3:23  Spore Crawler  
  41  3:29  Drone x2  
  41  3:31  Overlord  
  41  3:33  Drone  
  44  3:49  Overlord  
  44  3:51  Drone x5  
  48  3:56  Drone  
  48  4:00  Drone  
  49  4:06  Drone, Queen, Spore Crawler  
  49  4:07  Spore Crawler  
  49  4:09  Drone x2  
  52  4:11  Drone  
  52  4:12  Drone  
  52  4:13  Overlord  
  52  4:15  Drone x3  
  57  4:19  Drone  
  57  4:20  Drone  
  57  4:27  Overlord  
  57  4:34  Overlord, Spore Crawler  
  57  4:36  Drone x2, Overlord  
  59  4:38  Drone x2  
  59  4:40  Drone  
  59  4:41  Drone  
  59  4:42  Lair  
  59  4:44  Extractor  
  59  4:45  Extractor, Roach Warren  
  60  4:48  Drone  
  60  4:49  Extractor  
  59  4:53  Zergling x4  
  59  4:58  Zergling x2  
  62  5:00  Zergling x6  
  62  5:05  Drone x3  
  68  5:08  Drone x2, Overlord  
  68  5:09  Drone x2  
  68  5:11  Drone  
  73  5:15  Evolution Chamber  
  73  5:18  Overlord  
  73  5:19  Drone  
  73  5:20  Drone  
  74  5:26  Overlord  
  74  5:30  Roach x4  
  74  5:33  Overlord  
  74  5:35  Roach x3  
  88  5:36  Roach  
  88  5:38  Overlord  
  88  5:40  Roach x3  
  88  5:42  Zerg Missile Weapons Level 1  
  96  5:44  Roach  
  96  5:45  Extractor  
  96  5:47  Glial Reconstitution  
  97  5:50  Infestation Pit, Overlord  
  97  5:51  Extractor  
  97  5:53  Roach  
  97  6:00  Drone x2  
  97  6:01  Drone x4  
  97  6:03  Overlord  
  102  6:05  Drone x2  
  102  6:09  Roach  
  105  6:13  Roach x3  
  105  6:17  Drone  
  111  6:21  Roach  
  111  6:25  Roach x2  
  117  6:28  Hatchery  
  117  6:30  Overlord  
  117  6:32  Roach x3  
  120  6:35  Roach  
  120  6:38  Pneumatized Carapace  
  122  6:40  Roach x2  
  122  6:43  Roach  
  122  6:44  Roach x2  
  122  6:45  Ravager x3  
  135  6:50  Roach x2  
  139  6:56  Roach  
  139  6:59  Overlord  
  141  7:02  Roach x4  
  141  7:04  Roach x2  
  141  7:05  Overlord  
  153  7:09  Overlord  
  153  7:10  Overlord  
  153  7:11  Overlord  
  153  7:17  Overlord  
  152  7:24  Overlord  
  152  7:28  Swarm Host  
  152  7:29  Swarm Host x4  
  162  7:34  Swarm Host x2  
  168  7:38  Swarm Host  
  171  7:47  Queen x2  
  171  7:51  Swarm Host x2  
  181  8:00  Swarm Host x2  
  187  8:10  Zergling x20  
  197  8:13  Swarm Host  
  197  8:18  Zerg Missile Weapons Level 2  
  200  8:23  Overlord  
  200  8:24  Overlord  
  196  8:30  Ravager x2  
  196  8:33  Roach  
  198  8:45  Roach x2  
  198  8:53  Roach  
  198  8:54  Roach x12  
  190  9:00  Roach x3  
  190  9:01  Roach  
  194  9:04  Zergling x2  
  194  9:05  Nydus Network  
  194  9:09  Zergling x2, Ravager  
  197  9:10  Zergling x4  
  198  9:21  Roach  
  200  9:27  Overlord  
  198  9:37  Roach x3  
  191  9:49  Roach x4  
  191  9:52  Roach  
  190  10:02  Zergling x18  
  197  10:11  Roach x2  
  198  10:16  Nydus Canal  
  198  10:19  Zergling x2  
  199  10:26  Roach  
  196  10:29  Roach x2  
  196  10:37  Roach x2  
  196  10:42  Roach  
  199  10:45  Roach x3  
  195  10:54  Ravager x3  
  195  10:55  Zergling x4  
  195  10:56  Zergling x4  
  200  11:02  Roach x4  
  200  11:03  Roach x2  
  191  11:05  Roach x3  
  191  11:06  Roach  
  191  11:07  Ravager x2  
  199  11:13  Roach  
Show
View Real Time Build Order
Export as new Build Order

IndyKNerazim Protoss 

Build Orders: 1 Gate Expand, Oracle Opening, Phoenix Opening, Archon Immortal 

Get SALT Encoding   

  12  0:01  Probe  
  13  0:13  Probe  
  14  0:18  Pylon  
  14  0:25  Probe  
  15  0:33  Probe  
  15  0:41  Probe, Gateway  
  16  0:48  Assimilator  
  17  0:52  Probe  
  18  1:04  Probe  
  19  1:16  Probe  
  20  1:26  Nexus  
  20  1:34  Cybernetics Core  
  20  1:38  Probe  
  21  1:44  Assimilator  
  21  1:50  Probe  
  21  1:52  Pylon  
  22  1:59  Probe  
  22  2:01  Adept  
  22  2:07  Probe  
  26  2:16  Probe  
  26  2:22  Stargate  
  27  2:28  Probe  
  28  2:31  Adept  
  28  2:34  Probe  
  28  2:36  Warp Gate  
  30  2:40  Probe  
  30  2:42  Probe  
  32  2:50  Pylon  
  33  2:52  Probe x2  
  35  3:04  Probe  
  35  3:05  Probe  
  37  3:06  Phoenix  
  39  3:16  Probe  
  39  3:17  Probe  
  40  3:27  Probe  
  40  3:29  Probe  
  40  3:32  Oracle  
  40  3:35  Probe, Adept  
  40  3:41  Probe, Assimilator  
  47  3:43  Pylon  
  47  3:44  Probe  
  48  3:49  Assimilator  
  48  3:53  Probe, Gateway  
  48  3:55  Probe  
  49  4:01  Gateway  
  50  4:04  Pylon  
  50  4:05  Probe  
  50  4:07  Probe  
  52  4:17  Probe  
  52  4:19  Probe  
  54  4:25  Twilight Council  
  54  4:29  Probe  
  55  4:31  Probe, Gateway  
  55  4:34  Gateway  
  56  4:41  Probe  
  56  4:45  Robotics Facility  
  57  4:49  Nexus  
  57  4:50  Probe  
  57  4:51  Pylon  
  58  5:07  Gateway  
  58  5:09  Gateway  
  58  5:12  Twilight Council  
  58  5:16  Gateway  
  58  5:17  Gateway  
  58  5:18  Probe x2  
  60  5:21  Zealot  
  60  5:22  Zealot  
  60  5:25  Immortal  
  60  5:26  Probe x2  
  64  5:32  Zealot x2  
  74  5:37  Probe  
  75  5:43  Shield Battery  
  75  5:44  Probe  
  75  5:45  Pylon  
  75  5:48  Charge  
  76  5:53  Probe, Templar Archives  
  77  5:58  Warp Prism  
  77  5:59  Probe  
  78  6:04  Pylon  
  78  6:10  Zealot x3  
  84  6:13  Probe x2  
  86  6:19  Probe  
  86  6:20  Pylon  
  87  6:25  Probe  
  87  6:29  High Templar x5  
  87  6:30  High Templar  
  100  6:33  Pylon  
  100  6:34  Immortal, Archon x3  
  100  6:36  Pylon  
  100  6:40  Zealot  
  100  6:44  Probe x2  
  100  6:46  Probe, Assimilator  
  109  6:48  Assimilator  
  109  6:52  Psionic Storm  
  109  6:56  Probe  
  109  7:00  Forge, Immortal  
  114  7:22  Zealot x6  
  118  7:34  Probe  
  118  7:36  Immortal  
  120  7:37  Probe  
  120  7:38  Robotics Facility  
  120  7:41  Probe  
  115  7:50  High Templar x4  
  119  7:56  Probe  
  119  7:58  High Templar  
  122  8:03  Nexus  
  122  8:05  Pylon  
  122  8:11  Probe  
  122  8:12  Probe, High Templar  
  125  8:13  Observer  
  125  8:18  Pylon  
  125  8:20  Pylon  
  125  8:21  Pylon  
  125  8:23  Pylon  
  125  8:25  Warp Prism  
  124  8:28  Probe  
  124  8:33  Immortal, Protoss Ground Weapons Level 1  
  129  8:35  Probe x2  
  129  8:36  Assimilator  
  129  8:40  Assimilator  
  125  8:41  Stalker x5  
  135  8:51  Archon  
  120  8:58  Probe  
  120  9:00  Probe  
  120  9:01  Stalker  
  120  9:02  Stalker x2  
  123  9:04  Probe  
  123  9:08  Immortal  
  128  9:10  Probe  
  128  9:12  Probe, Immortal  
  128  9:16  Probe, High Templar  
  137  9:17  Zealot x4  
  143  9:30  Probe  
  143  9:31  Blink  
  143  9:36  Stalker x3  
  143  9:38  Probe  
  139  9:39  Probe  
  139  9:43  Stalker x2  
  139  9:44  Stalker x2  
  135  9:59  Probe  
  122  10:00  Probe  
  122  10:01  Immortal  
  122  10:02  Immortal  
  129  10:09  High Templar x2  
  133  10:15  Zealot x6  
  139  10:37  Pylon, Nexus  
  133  10:43  Stalker x4  
  133  10:44  Stalker x3  
  137  10:50  Stalker  
  134  10:59  Archon  
  125  11:07  Nexus  
  125  11:09  Stalker x4, Pylon  
  125  11:10  Stalker x2  
Tags
 
Add a new tag
Caveats
  • Supply blocks, unpowered buildings, or Contaminate may cause inaccurate times.
  • Supply counts are checked every 10 seconds.